[ AOE2 MATCH · #483533909 ]
UnrankedItalians vs None
Player's team · LOSS
Rival team · WIN
[ REPLAY ANALYSIS · EXTRACTED FROM THE RECORDED GAME ]
Feudal
12:23
Castle
17:33
Imperial
30:20
| APM avg | 32.6 |
| APM peak | 69 |
| eAPM avg | 25.4 |
| Villagers / military | 332 / 2158 |
Focus
⚔️ 55.8% · 🌾 44.2%
Spearman ×1449 · Unknown (882) ×928 · Genoese Crossbowman ×279 · Hand Cannoneer ×182 · Scout Cavalry ×135 · Bombard Cannon ×53
Feudal
13:14
Castle
17:57
Imperial
—
| APM avg | 5.4 |
| APM peak | 98 |
| eAPM avg | 2.5 |
| Villagers / military | 84 / 0 |
Focus
⚔️ 15.1% · 🌾 84.9%
Feudal
15:06
Castle
19:04
Imperial
36:48
| APM avg | 47.0 |
| APM peak | 131 |
| eAPM avg | 33.7 |
| Villagers / military | 508 / 2266 |
Focus
⚔️ 56.1% · 🌾 43.9%
Spearman ×822 · Skirmisher ×771 · Samurai ×208 · Hand Cannoneer ×175 · Militia ×102 · Cavalry Archer ×97
Feudal
11:14
Castle
16:47
Imperial
31:13
| APM avg | 25.5 |
| APM peak | 121 |
| eAPM avg | 13.3 |
| Villagers / military | 172 / 307 |
Focus
⚔️ 25.0% · 🌾 75.0%
Eagle Scout ×194 · Monk ×100 · Trebuchet (Packed) ×11 · Petard ×2
Feudal
15:37
Castle
28:48
Imperial
—
| APM avg | 2.2 |
| APM peak | 20 |
| eAPM avg | 1.6 |
| Villagers / military | 41 / 13 |
Focus
⚔️ 22.0% · 🌾 78.0%
Spearman ×7 · Conquistador ×6
Feudal
13:21
Castle
17:54
Imperial
36:01
| APM avg | 8.0 |
| APM peak | 41 |
| eAPM avg | 5.9 |
| Villagers / military | 154 / 342 |
Focus
⚔️ 44.5% · 🌾 55.5%
Skirmisher ×179 · Spearman ×45 · Organ Gun ×44 · Mangonel ×22 · Knight ×17 · Scout Cavalry ×16
Feudal
11:45
Castle
18:51
Imperial
34:37
| APM avg | 15.7 |
| APM peak | 48 |
| eAPM avg | 13.2 |
| Villagers / military | 174 / 2346 |
Focus
⚔️ 58.2% · 🌾 41.8%
Spearman ×977 · Archer ×487 · Knight ×278 · War Elephant ×210 · Scorpion ×110 · Bombard Cannon ×69
Feudal
—
Castle
—
Imperial
—
| APM avg | 1.1 |
| APM peak | 46 |
| eAPM avg | 0.5 |
| Villagers / military | 27 / 0 |
Focus
⚔️ 2.4% · 🌾 97.6%
Match map
Initial resources + every placement click. Lines = walls · curves = elevation contours. ◆ gold · ⬟ stone · ● berries · ✦ relic · ◌ wall gap
Your base· ✓ Closed at 17:33 · 54t walls · no gate
Anny's base· Open — unwalled flank
WENWEN's base· ✓ Closed at 19:04 · 55t walls · 2 gate(s)
romain.romain's base· ✓ Closed at 16:47 · 2t walls · fragile
MaTaDoR's base· ✓ Closed at 28:48 · 123t walls · 1 gate(s)
Kalashnikov's base· Open — unwalled flank
Chloe's base· ✓ Closed at 18:51 · 43t walls · no gate
Enlove's base· Open — unwalled flank
Smoothed initial terrain · ◌ = detected wall gap · hover for details
Inputs per minute
— Arniehgk - - Anny
Build order — Arniehgk
First 150 of 1475 actions detected
| 0:03 | Build | House |
| 0:04 | Build | House |
| 0:17 | Create | Villager (Male) |
| 0:17 | Create | Villager (Male) |
| 0:17 | Create | Villager (Male) |
| 0:18 | Create | Villager (Male) ×4 |
| 0:18 | Create | Villager (Male) ×4 |
| 0:19 | Create | Villager (Male) ×4 |
| 1:38 | Create | Villager (Male) |
| 2:02 | Build | Lumber Camp |
| 2:10 | Create | Villager (Male) |
| 2:25 | Create | Villager (Male) |
| 2:54 | Create | Villager (Male) |
| 3:27 | Create | Villager (Male) |
| 3:27 | Create | Villager (Male) |
| 3:47 | Create | Villager (Male) |
| 4:05 | Build | House |
| 4:16 | Create | Villager (Male) |
| 4:20 | Build | Mill |
| 4:42 | Create | Villager (Male) |
| 4:45 | Create | Villager (Male) |
| 4:45 | Create | Villager (Male) |
| 5:01 | Research | Loom |
| 5:03 | Create | Villager (Male) |
| 5:27 | Build | Palisade Wall |
| 5:32 | Create | Villager (Male) |
| 5:32 | Create | Villager (Male) |
| 5:32 | Create | Villager (Male) |
| 6:29 | Create | Villager (Male) |
| 6:29 | Create | Villager (Male) |
| 6:36 | Build | Mill |
| 6:50 | Create | Villager (Male) |
| 7:05 | Create | Villager (Male) |
| 7:06 | Create | Villager (Male) |
| 7:29 | Build | Palisade Wall |
| 7:31 | Build | Palisade Wall |
| 7:32 | Build | Palisade Wall |
| 7:34 | Build | Palisade Wall |
| 7:35 | Build | Palisade Wall |
| 7:50 | Build | House |
| 7:54 | Create | Villager (Male) |
| 7:55 | Create | Villager (Male) |
| 7:55 | Create | Villager (Male) |
| 8:00 | Build | Farm |
| 8:03 | Build | Farm |
| 8:17 | Build | Palisade Wall |
| 8:29 | Build | Farm |
| 8:46 | Create | Villager (Male) |
| 8:46 | Create | Villager (Male) |
| 8:54 | Research | Feudal Age |
| 9:20 | Build | Farm |
| 9:28 | Build | Palisade Wall |
| 10:17 | Build | Palisade Wall |
| 10:38 | Build | Mining Camp |
| 10:43 | Create | Villager (Male) |
| 10:43 | Create | Villager (Male) |
| 10:44 | Create | Villager (Male) |
| 10:45 | Create | Villager (Male) |
| 10:52 | Build | Palisade Wall |
| 10:56 | Build | Palisade Wall |
| 11:14 | Build | Palisade Wall |
| 11:29 | Build | House |
| 11:34 | Build | Palisade Wall |
| 11:56 | Build | Outpost |
| 12:23 | Age | Feudal Age |
| 12:26 | Build | Outpost |
| 12:30 | Build | Palisade Wall |
| 12:32 | Research | Town Watch |
| 12:37 | Build | Market |
| 12:56 | Build | Market |
| 13:09 | Build | Palisade Wall |
| 13:25 | Create | Villager (Male) |
| 13:39 | Build | Blacksmith |
| 13:42 | Build | House |
| 13:43 | Build | House |
| 14:28 | Create | Villager (Male) |
| 14:41 | Build | Mining Camp |
| 14:45 | Research | Castle Age |
| 14:47 | Research | Horse Collar |
| 14:47 | Research | Horse Collar |
| 14:50 | Research | Double-Bit Axe |
| 15:12 | Research | Stone Mining |
| 16:33 | Create | Villager (Male) |
| 16:33 | Create | Villager (Male) |
| 16:34 | Create | Villager (Male) |
| 16:47 | Build | House |
| 16:49 | Build | House |
| 16:59 | Build | House |
| 17:00 | Build | House |
| 17:14 | Build | Farm |
| 17:33 | Age | Castle Age |
| 17:37 | Build | Town Center |
| 17:50 | Build | Town Center |
| 17:57 | Build | Town Center |
| 18:23 | Research | Heavy Plow |
| 18:29 | Research | Bow Saw |
| 18:43 | Create | Villager (Male) |
| 18:50 | Create | Villager (Male) |
| 18:52 | Build | Farm |
| 18:56 | Build | Farm |
| 18:59 | Build | Farm |
| 19:00 | Create | Villager (Male) |
| 19:00 | Create | Villager (Male) |
| 19:19 | Create | Villager (Male) |
| 19:27 | Create | Villager (Male) |
| 19:28 | Create | Villager (Male) |
| 19:52 | Build | Town Center |
| 19:54 | Create | Villager (Male) |
| 19:54 | Create | Villager (Male) |
| 20:17 | Create | Villager (Male) |
| 20:17 | Create | Villager (Male) |
| 20:18 | Create | Villager (Male) |
| 20:46 | Create | Villager (Male) |
| 20:47 | Create | Villager (Male) |
| 20:56 | Build | Farm |
| 20:58 | Build | Farm |
| 21:01 | Build | Farm |
| 21:02 | Build | Farm |
| 21:04 | Create | Villager (Male) |
| 21:14 | Build | Farm |
| 21:17 | Build | Farm |
| 21:19 | Build | Farm |
| 21:22 | Build | Farm |
| 21:23 | Create | Villager (Male) |
| 21:23 | Create | Villager (Male) |
| 21:24 | Create | Villager (Male) |
| 21:24 | Create | Villager (Male) |
| 21:24 | Create | Villager (Male) |
| 21:27 | Build | Farm |
| 21:34 | Create | Villager (Male) |
| 21:34 | Create | Villager (Male) |
| 21:34 | Create | Villager (Male) |
| 21:42 | Create | Villager (Male) |
| 21:45 | Build | Farm |
| 21:49 | Build | Farm |
| 21:52 | Build | Farm |
| 21:55 | Create | Villager (Male) |
| 21:56 | Create | Villager (Male) |
| 22:03 | Build | Farm |
| 22:05 | Build | Farm |
| 22:09 | Build | Farm |
| 22:10 | Create | Villager (Male) |
| 22:11 | Create | Villager (Male) |
| 22:23 | Create | Villager (Male) |
| 22:23 | Create | Villager (Male) |
| 22:28 | Build | Farm |
| 22:37 | Create | Villager (Male) |
| 22:37 | Create | Villager (Male) |
| 22:43 | Build | Stone Wall |
| 22:47 | Build | Gate |
Build order — Anny
144 actions detected in the replay
| 0:02 | Create | Villager (Male) ×5 |
| 0:07 | Build | House |
| 0:08 | Build | House |
| 1:23 | Research | Loom |
| 1:35 | Build | House |
| 2:24 | Create | Villager (Male) ×2 |
| 3:01 | Create | Villager (Male) |
| 3:57 | Create | Villager (Male) ×5 |
| 4:35 | Build | Palisade Wall |
| 4:50 | Create | Villager (Male) ×2 |
| 5:33 | Build | Lumber Camp |
| 5:39 | Build | House |
| 6:26 | Create | Villager (Male) ×5 |
| 6:26 | Create | Villager (Male) ×2 |
| 7:32 | Create | Villager (Male) ×5 |
| 7:52 | Build | Mill |
| 8:28 | Build | House |
| 9:07 | Create | Villager (Male) ×4 |
| 9:11 | Build | House |
| 9:44 | Create | Villager (Male) ×2 |
| 11:10 | Research | Feudal Age |
| 11:42 | Build | Mining Camp |
| 12:13 | Build | Farm |
| 12:13 | Build | Farm |
| 12:13 | Build | Farm |
| 12:37 | Create | Villager (Male) |
| 12:37 | Create | Villager (Male) |
| 13:14 | Age | Feudal Age |
| 13:26 | Build | Market |
| 13:30 | Build | Blacksmith |
| 13:45 | Research | Town Watch |
| 14:06 | Build | Farm |
| 14:06 | Build | Farm |
| 14:11 | Create | Villager (Male) |
| 14:21 | Build | House |
| 14:36 | Build | Farm |
| 14:37 | Build | Farm |
| 14:37 | Build | Farm |
| 15:17 | Build | Farm |
| 15:31 | Research | Castle Age |
| 15:48 | Build | Mining Camp |
| 16:00 | Research | Double-Bit Axe |
| 16:07 | Build | House |
| 16:08 | Build | House |
| 17:02 | Research | Horse Collar |
| 17:05 | Research | Stone Mining |
| 17:39 | Build | House |
| 17:57 | Age | Castle Age |
| 18:04 | Create | Villager (Male) |
| 18:04 | Create | Villager (Male) |
| 18:10 | Build | Town Center |
| 18:14 | Build | Town Center |
| 18:43 | Create | Villager (Male) |
| 18:43 | Create | Villager (Male) |
| 19:09 | Create | Villager (Male) |
| 19:16 | Build | Farm |
| 19:17 | Build | Farm |
| 19:17 | Build | Farm |
| 19:17 | Build | Farm |
| 20:48 | Research | Wheelbarrow |
| 20:49 | Create | Villager (Male) |
| 21:01 | Build | Castle |
| 21:32 | Build | Castle |
| 22:16 | Create | Villager (Male) ×5 |
| 22:16 | Create | Villager (Male) ×5 |
| 23:55 | Build | Town Center |
| 24:01 | Build | Market |
| 27:05 | Build | Farm |
| 27:05 | Build | Farm |
| 27:06 | Build | Farm |
| 27:07 | Build | Farm |
| 27:07 | Build | Farm |
| 27:07 | Build | Farm |
| 27:08 | Build | Farm |
| 27:08 | Build | Farm |
| 27:13 | Create | Villager (Male) |
| 27:13 | Create | Villager (Male) |
| 42:29 | Build | Farm |
| 42:29 | Build | Farm |
| 42:34 | Build | Lumber Camp |
| 42:51 | Build | Monastery |
| 44:20 | Build | Outpost |
| 44:25 | Research | Hand Cart |
| 45:12 | Build | Outpost |
| 45:15 | Build | Outpost |
| 46:45 | Build | Outpost |
| 47:06 | Build | Stone Wall |
| 47:47 | Build | Farm |
| 47:47 | Build | Farm |
| 47:47 | Build | Farm |
| 53:31 | Research | Devotion |
| 55:49 | Build | Lumber Camp |
| 56:03 | Research | Bow Saw |
| 68:54 | Build | Town Center |
| 69:00 | Create | Villager (Male) ×5 |
| 69:59 | Build | House |
| 70:00 | Build | House |
| 70:03 | Build | House |
| 70:03 | Build | House |
| 70:05 | Build | House |
| 70:12 | Build | Outpost |
| 72:31 | Build | Outpost |
| 74:21 | Build | House |
| 74:23 | Build | House |
| 74:24 | Build | House |
| 74:25 | Build | House |
| 75:25 | Build | House |
| 75:28 | Build | House |
| 75:29 | Build | House |
| 75:30 | Build | House |
| 75:32 | Build | House |
| 75:39 | Build | Farm |
| 75:39 | Build | Farm |
| 75:40 | Build | Farm |
| 75:40 | Build | Farm |
| 75:40 | Build | Farm |
| 77:25 | Build | Town Center |
| 77:35 | Research | Town Patrol |
| 77:35 | Create | Villager (Male) ×5 |
| 88:16 | Build | Farm |
| 88:16 | Build | Farm |
| 88:17 | Build | Farm |
| 88:17 | Build | Farm |
| 88:17 | Build | Farm |
| 88:17 | Build | Farm |
| 89:04 | Build | Farm |
| 89:04 | Build | Farm |
| 89:05 | Build | Farm |
| 89:05 | Build | Farm |
| 89:05 | Build | Farm |
| 89:05 | Build | Farm |
| 89:10 | Build | Lumber Camp |
| 89:18 | Create | Villager (Male) ×5 |
| 89:18 | Create | Villager (Male) ×5 |
| 89:18 | Create | Villager (Male) ×5 |
| 89:18 | Create | Villager (Male) ×5 |
| 91:55 | Build | Outpost |
| 92:55 | Build | Market |
| 93:09 | Build | Outpost |
| 95:25 | Build | Outpost |
| 95:58 | Build | Farm |
| 95:58 | Build | Farm |
| 95:58 | Build | Farm |
| 95:59 | Build | Farm |
Build order — WENWEN
First 150 of 1775 actions detected
| 0:01 | Create | Villager (Male) |
| 0:01 | Create | Villager (Male) |
| 0:02 | Create | Villager (Male) |
| 0:02 | Build | House |
| 0:03 | Build | House |
| 0:10 | Create | Villager (Male) |
| 0:10 | Create | Villager (Male) |
| 0:56 | Research | Loom |
| 1:24 | Create | Villager (Male) |
| 1:24 | Create | Villager (Male) |
| 1:51 | Build | Palisade Wall |
| 1:52 | Build | Palisade Wall |
| 2:07 | Create | Villager (Male) |
| 2:08 | Create | Villager (Male) |
| 2:25 | Create | Villager (Male) |
| 2:25 | Create | Villager (Male) |
| 2:36 | Build | Lumber Camp |
| 2:53 | Create | Villager (Male) |
| 3:05 | Build | House |
| 3:07 | Build | House |
| 3:09 | Create | Villager (Male) |
| 3:09 | Create | Villager (Male) |
| 3:10 | Create | Villager (Male) |
| 3:42 | Create | Villager (Male) |
| 3:42 | Create | Villager (Male) |
| 3:44 | Build | Lumber Camp |
| 3:56 | Create | Villager (Male) |
| 3:57 | Create | Villager (Male) |
| 4:09 | Build | Palisade Wall |
| 4:31 | Create | Villager (Male) |
| 4:32 | Create | Villager (Male) |
| 4:41 | Build | Palisade Gate |
| 5:08 | Build | Mill |
| 5:15 | Create | Villager (Male) |
| 5:16 | Create | Villager (Male) |
| 5:22 | Create | Villager (Male) |
| 5:27 | Build | Palisade Wall |
| 5:38 | Build | House |
| 6:06 | Build | Lumber Camp |
| 6:07 | Create | Villager (Male) |
| 6:07 | Create | Villager (Male) |
| 6:07 | Create | Villager (Male) |
| 6:19 | Create | Villager (Male) |
| 6:20 | Create | Villager (Male) |
| 6:44 | Build | Farm |
| 6:44 | Create | Villager (Male) |
| 6:44 | Create | Villager (Male) |
| 6:53 | Create | Villager (Male) |
| 6:54 | Create | Villager (Male) |
| 7:07 | Create | Villager (Male) |
| 7:07 | Create | Villager (Male) |
| 7:16 | Build | Farm |
| 7:30 | Create | Villager (Male) |
| 7:31 | Create | Villager (Male) |
| 7:35 | Build | House |
| 7:35 | Build | House |
| 7:36 | Build | House |
| 8:05 | Build | Lumber Camp |
| 8:06 | Create | Villager (Male) |
| 8:07 | Create | Villager (Male) |
| 8:28 | Create | Villager (Male) |
| 8:28 | Create | Villager (Male) |
| 8:40 | Create | Villager (Male) |
| 8:40 | Create | Villager (Male) |
| 8:41 | Create | Villager (Male) |
| 8:41 | Create | Villager (Male) |
| 8:45 | Create | Villager (Male) |
| 8:45 | Create | Villager (Male) |
| 8:59 | Create | Villager (Male) |
| 8:59 | Create | Villager (Male) |
| 9:01 | Create | Villager (Male) |
| 9:01 | Create | Villager (Male) |
| 9:35 | Build | Farm |
| 9:41 | Build | Farm |
| 9:43 | Build | Farm |
| 9:44 | Create | Villager (Male) |
| 9:44 | Create | Villager (Male) |
| 9:44 | Create | Villager (Male) |
| 10:17 | Create | Villager (Male) |
| 10:17 | Create | Villager (Male) |
| 10:17 | Create | Villager (Male) |
| 10:24 | Create | Villager (Male) |
| 10:33 | Create | Villager (Male) |
| 10:39 | Create | Villager (Male) |
| 10:39 | Create | Villager (Male) |
| 11:11 | Create | Villager (Male) |
| 11:12 | Create | Villager (Male) |
| 11:16 | Create | Villager (Male) |
| 11:16 | Create | Villager (Male) |
| 11:16 | Create | Villager (Male) |
| 11:43 | Build | Farm |
| 11:44 | Create | Villager (Male) |
| 11:44 | Create | Villager (Male) |
| 12:11 | Build | Mining Camp |
| 12:13 | Research | Feudal Age |
| 12:13 | Research | Feudal Age |
| 12:13 | Research | Feudal Age |
| 12:29 | Create | Villager (Male) |
| 12:29 | Create | Villager (Male) |
| 12:29 | Create | Villager (Male) |
| 12:56 | Build | Mining Camp |
| 13:04 | Build | Mill |
| 13:24 | Build | House |
| 13:25 | Build | House |
| 13:27 | Build | House |
| 14:39 | Build | Farm |
| 15:06 | Age | Feudal Age |
| 15:11 | Build | Market |
| 15:14 | Build | Blacksmith |
| 15:19 | Research | Double-Bit Axe |
| 15:20 | Research | Horse Collar |
| 15:20 | Research | Gold Mining |
| 15:20 | Research | Gold Mining |
| 15:21 | Research | Stone Mining |
| 15:21 | Research | Stone Mining |
| 15:21 | Research | Stone Mining |
| 15:59 | Build | Stone Wall |
| 16:03 | Build | Stone Wall |
| 16:04 | Build | Stone Wall |
| 16:07 | Build | Gate |
| 16:23 | Build | Farm |
| 16:24 | Research | Castle Age |
| 16:24 | Research | Castle Age |
| 16:24 | Research | Castle Age |
| 17:18 | Research | Wheelbarrow |
| 17:20 | Research | Fletching |
| 17:20 | Research | Forging |
| 17:21 | Research | Scale Mail Armor |
| 17:21 | Research | Scale Mail Armor |
| 19:04 | Age | Castle Age |
| 19:10 | Create | Villager (Male) |
| 19:27 | Build | Castle |
| 19:42 | Research | Bow Saw |
| 19:43 | Research | Heavy Plow |
| 19:47 | Create | Villager (Male) |
| 20:03 | Build | Town Center |
| 20:39 | Build | Monastery |
| 20:42 | Create | Villager (Male) |
| 21:14 | Build | Town Center |
| 21:16 | Create | Villager (Male) |
| 21:22 | Create | Samurai |
| 21:22 | Create | Samurai |
| 21:26 | Create | Villager (Male) |
| 21:27 | Create | Villager (Male) |
| 21:36 | Create | Samurai |
| 21:41 | Build | Siege Workshop |
| 21:49 | Create | Samurai |
| 21:49 | Create | Samurai |
| 21:49 | Create | Samurai |
| 21:50 | Create | Samurai |
Build order — romain.romain
First 150 of 507 actions detected
| 0:01 | Create | Villager (Male) |
| 0:01 | Create | Villager (Male) |
| 0:03 | Build | House |
| 0:06 | Build | House |
| 0:42 | Create | Villager (Male) |
| 0:43 | Create | Villager (Male) |
| 1:28 | Create | Villager (Male) |
| 1:28 | Create | Villager (Male) |
| 1:54 | Build | Lumber Camp |
| 2:24 | Create | Villager (Male) |
| 2:24 | Create | Villager (Male) |
| 2:39 | Create | Villager (Male) |
| 3:03 | Create | Villager (Male) |
| 3:04 | Create | Villager (Male) |
| 3:45 | Build | House |
| 3:59 | Create | Villager (Male) |
| 3:59 | Create | Villager (Male) |
| 4:21 | Create | Villager (Male) |
| 4:42 | Build | Mill |
| 5:13 | Create | Villager (Male) |
| 5:13 | Create | Villager (Male) |
| 5:28 | Create | Villager (Male) |
| 5:54 | Create | Villager (Male) |
| 6:09 | Build | House |
| 6:14 | Create | Villager (Male) |
| 6:14 | Create | Villager (Male) |
| 7:00 | Create | Villager (Male) |
| 7:29 | Create | Villager (Male) |
| 7:54 | Build | Mining Camp |
| 8:14 | Create | Villager (Male) |
| 8:47 | Research | Feudal Age |
| 9:57 | Build | House |
| 11:14 | Age | Feudal Age |
| 12:16 | Create | Villager (Male) |
| 12:18 | Research | Horse Collar |
| 12:19 | Research | Double-Bit Axe |
| 12:42 | Build | Blacksmith |
| 12:57 | Build | Market |
| 12:59 | Build | House |
| 13:02 | Create | Villager (Male) |
| 13:02 | Create | Villager (Male) |
| 13:47 | Build | Farm |
| 13:52 | Build | Farm |
| 14:07 | Research | Castle Age |
| 14:34 | Create | Villager (Male) |
| 14:34 | Create | Villager (Male) |
| 14:48 | Create | Villager (Male) |
| 14:58 | Research | Gold Mining |
| 15:06 | Build | Farm |
| 15:09 | Build | Farm |
| 15:14 | Build | Farm |
| 15:17 | Build | Farm |
| 15:19 | Build | Farm |
| 15:37 | Build | House |
| 15:51 | Build | House |
| 15:54 | Build | Palisade Wall |
| 15:58 | Build | Farm |
| 15:59 | Create | Villager (Male) |
| 15:59 | Create | Villager (Male) |
| 16:08 | Build | Farm |
| 16:09 | Build | Farm |
| 16:11 | Build | Farm |
| 16:14 | Build | Farm |
| 16:35 | Research | Scale Mail Armor |
| 16:47 | Age | Castle Age |
| 16:48 | Research | Scale Mail Armor |
| 16:59 | Build | Town Center |
| 17:02 | Create | Villager (Male) |
| 17:17 | Build | Town Center |
| 17:23 | Build | House |
| 17:25 | Build | House |
| 17:28 | Build | House |
| 17:36 | Create | Villager (Male) |
| 17:37 | Create | Villager (Male) |
| 17:40 | Research | Loom |
| 18:07 | Research | Bow Saw |
| 18:10 | Research | Heavy Plow |
| 18:38 | Create | Villager (Male) |
| 18:57 | Build | Farm |
| 19:08 | Research | Stone Mining |
| 19:13 | Build | House |
| 19:14 | Build | House |
| 19:15 | Build | House |
| 19:16 | Build | House |
| 19:18 | Create | Villager (Male) |
| 19:19 | Create | Villager (Male) |
| 19:31 | Create | Villager (Male) |
| 19:35 | Create | Villager (Male) |
| 19:36 | Create | Villager (Male) |
| 19:36 | Create | Villager (Male) |
| 19:41 | Research | Gold Shaft Mining |
| 19:47 | Build | Farm |
| 19:52 | Create | Villager (Male) |
| 19:52 | Create | Villager (Male) |
| 20:01 | Create | Villager (Male) |
| 20:10 | Build | House |
| 20:11 | Build | House |
| 20:12 | Build | House |
| 20:15 | Build | Farm |
| 20:17 | Create | Villager (Male) |
| 20:23 | Build | Farm |
| 20:35 | Build | Town Center |
| 20:45 | Build | Farm |
| 20:49 | Create | Villager (Male) |
| 20:49 | Create | Villager (Male) |
| 20:58 | Create | Villager (Male) |
| 20:59 | Create | Villager (Male) |
| 21:14 | Build | Farm |
| 21:15 | Create | Villager (Male) |
| 21:17 | Create | Villager (Male) |
| 21:17 | Create | Villager (Male) |
| 21:22 | Research | Wheelbarrow |
| 21:32 | Create | Villager (Male) |
| 21:33 | Create | Villager (Male) |
| 21:33 | Create | Villager (Male) |
| 21:37 | Research | Loom |
| 21:43 | Build | Farm |
| 21:45 | Create | Villager (Male) |
| 21:51 | Build | Farm |
| 21:54 | Build | Farm |
| 21:58 | Create | Villager (Male) |
| 22:03 | Create | Villager (Male) |
| 22:07 | Create | Villager (Male) |
| 22:24 | Build | Town Center |
| 22:30 | Create | Villager (Male) |
| 22:31 | Create | Villager (Male) |
| 22:31 | Create | Villager (Male) |
| 22:36 | Build | Farm |
| 22:39 | Create | Villager (Male) |
| 22:41 | Build | House |
| 22:42 | Build | House |
| 22:42 | Build | House |
| 22:42 | Build | House |
| 22:43 | Build | House |
| 22:43 | Build | House |
| 22:43 | Build | House |
| 22:43 | Build | House |
| 22:45 | Create | Villager (Male) |
| 22:59 | Build | Farm |
| 23:02 | Build | Farm |
| 23:03 | Build | Farm |
| 23:06 | Build | Farm |
| 23:07 | Create | Villager (Male) |
| 23:08 | Create | Villager (Male) |
| 23:09 | Create | Villager (Male) |
| 23:09 | Create | Villager (Male) |
| 23:10 | Create | Villager (Male) |
| 23:17 | Create | Villager (Male) |
| 23:17 | Create | Villager (Male) |
| 23:44 | Build | Monastery |
Build order — MaTaDoR
137 actions detected in the replay
| 0:13 | Research | Loom |
| 0:13 | Create | Villager (Male) |
| 0:14 | Create | Villager (Male) |
| 0:14 | Create | Villager (Male) |
| 0:14 | Create | Villager (Male) |
| 0:28 | Build | House |
| 1:25 | Build | Palisade Wall |
| 2:12 | Build | Palisade Wall |
| 2:35 | Build | Palisade Wall |
| 2:57 | Create | Villager (Male) |
| 2:58 | Create | Villager (Male) |
| 2:58 | Create | Villager (Male) |
| 3:06 | Build | House |
| 3:35 | Build | Palisade Wall |
| 4:06 | Build | Palisade Wall |
| 4:51 | Build | Palisade Wall |
| 5:09 | Create | Villager (Male) |
| 5:09 | Create | Villager (Male) |
| 5:09 | Create | Villager (Male) |
| 5:32 | Build | House |
| 7:29 | Create | Villager (Male) |
| 7:29 | Create | Villager (Male) |
| 7:30 | Create | Villager (Male) |
| 7:30 | Create | Villager (Male) |
| 7:30 | Create | Villager (Male) |
| 7:30 | Create | Villager (Male) |
| 7:31 | Create | Villager (Male) |
| 7:41 | Build | Palisade Wall |
| 8:05 | Create | Villager (Male) |
| 8:21 | Build | Palisade Wall |
| 9:01 | Build | Lumber Camp |
| 9:28 | Build | Palisade Wall |
| 9:41 | Build | Mill |
| 10:55 | Create | Villager (Male) |
| 10:56 | Create | Villager (Male) |
| 11:03 | Build | House |
| 11:29 | Build | Mining Camp |
| 11:50 | Build | Mining Camp |
| 13:27 | Research | Feudal Age |
| 14:05 | Build | House |
| 14:10 | Build | House |
| 14:11 | Build | House |
| 14:13 | Build | House |
| 14:14 | Build | House |
| 14:27 | Build | Barracks |
| 15:37 | Age | Feudal Age |
| 15:43 | Build | Stone Wall |
| 15:54 | Build | Stone Wall |
| 16:10 | Build | Stone Wall |
| 16:22 | Research | Double-Bit Axe |
| 16:26 | Research | Horse Collar |
| 16:28 | Research | Town Watch |
| 16:30 | Create | Villager (Male) |
| 16:30 | Create | Villager (Male) |
| 16:30 | Create | Villager (Male) |
| 16:30 | Create | Villager (Male) |
| 17:47 | Build | Stone Wall |
| 18:08 | Build | Market |
| 18:24 | Create | Villager (Male) |
| 18:24 | Create | Villager (Male) |
| 18:25 | Create | Villager (Male) |
| 19:07 | Build | Blacksmith |
| 19:48 | Build | Stable |
| 20:00 | Create | Villager (Male) |
| 20:00 | Create | Villager (Male) |
| 20:00 | Create | Villager (Male) |
| 21:16 | Build | Farm |
| 21:17 | Build | Farm |
| 21:18 | Build | Farm |
| 21:18 | Build | Farm |
| 21:18 | Build | Farm |
| 21:21 | Build | Farm |
| 21:22 | Build | Farm |
| 21:23 | Build | Farm |
| 21:24 | Build | Farm |
| 21:25 | Build | Farm |
| 21:27 | Build | Farm |
| 21:28 | Build | Farm |
| 21:28 | Build | Farm |
| 21:30 | Build | Farm |
| 21:32 | Build | Farm |
| 21:33 | Build | Farm |
| 21:35 | Build | Farm |
| 22:00 | Build | Gate |
| 22:17 | Create | Villager (Male) |
| 22:18 | Create | Villager (Male) |
| 22:18 | Create | Villager (Male) |
| 22:18 | Create | Villager (Male) |
| 22:19 | Create | Villager (Male) |
| 22:19 | Create | Villager (Male) |
| 22:20 | Create | Villager (Male) |
| 22:20 | Create | Villager (Male) |
| 26:08 | Research | Castle Age |
| 26:17 | Build | House |
| 26:49 | Build | House |
| 27:09 | Build | House |
| 27:24 | Build | Barracks |
| 27:27 | Build | Barracks |
| 27:35 | Research | Forging |
| 27:35 | Research | Scale Mail Armor |
| 27:36 | Research | Scale Barding Armor |
| 28:02 | Research | Bloodlines |
| 28:48 | Age | Castle Age |
| 28:52 | Build | Castle |
| 28:59 | Research | Town Patrol |
| 29:14 | Build | Town Center |
| 29:30 | Research | Bow Saw |
| 30:01 | Build | Farm |
| 30:01 | Build | Farm |
| 30:01 | Build | Farm |
| 30:02 | Build | Farm |
| 30:02 | Build | Farm |
| 30:02 | Build | Farm |
| 30:02 | Build | Farm |
| 30:03 | Build | Farm |
| 30:03 | Build | Farm |
| 30:10 | Research | Wheelbarrow |
| 30:20 | Build | House |
| 30:27 | Research | Stone Mining |
| 30:51 | Build | Monastery |
| 30:58 | Create | Conquistador |
| 30:59 | Create | Conquistador |
| 31:08 | Research | Gold Mining |
| 31:28 | Research | Heavy Plow |
| 31:41 | Build | House |
| 31:49 | Create | Villager (Male) ×3 |
| 32:20 | Build | Mining Camp |
| 33:00 | Research | Pikeman (upgrade) |
| 33:01 | Research | Squires |
| 33:02 | Research | Arson |
| 33:04 | Create | Spearman ×5 |
| 33:04 | Create | Spearman |
| 33:05 | Create | Spearman |
| 34:21 | Create | Conquistador |
| 34:21 | Create | Conquistador |
| 34:21 | Create | Conquistador |
| 34:22 | Create | Conquistador |
Build order — Kalashnikov
First 150 of 560 actions detected
| 0:02 | Create | Villager (Male) |
| 0:03 | Create | Villager (Male) |
| 0:03 | Create | Villager (Male) |
| 0:03 | Create | Villager (Male) |
| 0:03 | Create | Villager (Male) |
| 0:07 | Build | House |
| 0:09 | Build | House |
| 1:37 | Create | Villager (Male) |
| 1:38 | Create | Villager (Male) |
| 2:08 | Create | Villager (Male) |
| 2:08 | Create | Villager (Male) |
| 2:30 | Create | Villager (Male) |
| 2:30 | Create | Villager (Male) |
| 2:49 | Build | Palisade Wall |
| 2:52 | Create | Villager (Male) |
| 2:52 | Create | Villager (Male) |
| 3:11 | Build | House |
| 3:25 | Create | Villager (Male) |
| 3:25 | Create | Villager (Male) |
| 3:25 | Create | Villager (Male) |
| 3:48 | Create | Villager (Male) |
| 3:49 | Create | Villager (Male) |
| 3:49 | Create | Villager (Male) |
| 3:57 | Create | Villager (Male) |
| 3:57 | Create | Villager (Male) |
| 3:57 | Create | Villager (Male) |
| 4:21 | Build | Mill |
| 4:28 | Create | Villager (Male) |
| 4:28 | Create | Villager (Male) |
| 4:59 | Create | Villager (Male) |
| 4:59 | Create | Villager (Male) |
| 5:34 | Create | Villager (Male) |
| 5:34 | Create | Villager (Male) |
| 5:34 | Create | Villager (Male) |
| 5:43 | Build | House |
| 6:08 | Build | Lumber Camp |
| 6:15 | Create | Villager (Male) |
| 6:15 | Create | Villager (Male) |
| 7:03 | Create | Villager (Male) |
| 7:03 | Create | Villager (Male) |
| 7:04 | Create | Villager (Male) |
| 7:04 | Create | Villager (Male) |
| 7:26 | Build | House |
| 7:46 | Build | Mining Camp |
| 8:06 | Create | Villager (Male) |
| 8:08 | Build | Farm |
| 8:12 | Build | Farm |
| 8:14 | Build | Farm |
| 8:32 | Build | Farm |
| 8:55 | Create | Villager (Male) |
| 8:56 | Create | Villager (Male) |
| 9:12 | Create | Villager (Male) |
| 9:23 | Build | Farm |
| 10:17 | Research | Loom |
| 10:33 | Build | Palisade Wall |
| 11:11 | Research | Feudal Age |
| 11:38 | Build | Farm |
| 11:40 | Build | Farm |
| 11:42 | Build | Farm |
| 13:13 | Create | Villager (Male) |
| 13:13 | Create | Villager (Male) |
| 13:14 | Create | Villager (Male) |
| 13:21 | Age | Feudal Age |
| 13:27 | Build | Market |
| 13:30 | Build | Blacksmith |
| 13:36 | Create | Villager (Male) |
| 13:36 | Create | Villager (Male) |
| 14:16 | Research | Scale Mail Armor |
| 14:21 | Build | House |
| 14:49 | Build | Mining Camp |
| 15:14 | Research | Castle Age |
| 15:20 | Research | Horse Collar |
| 15:24 | Research | Double-Bit Axe |
| 16:10 | Build | Stone Wall |
| 16:15 | Research | Gold Mining |
| 16:17 | Research | Stone Mining |
| 16:54 | Create | Villager (Male) |
| 16:55 | Create | Villager (Male) |
| 16:55 | Create | Villager (Male) |
| 16:55 | Create | Villager (Male) |
| 16:56 | Create | Villager (Male) |
| 16:56 | Create | Villager (Male) |
| 16:56 | Create | Villager (Male) |
| 17:49 | Create | Villager (Male) |
| 17:49 | Create | Villager (Male) |
| 17:49 | Create | Villager (Male) |
| 17:54 | Age | Castle Age |
| 18:02 | Build | Town Center |
| 18:54 | Build | Stone Wall |
| 19:19 | Create | Villager (Male) |
| 19:20 | Create | Villager (Male) |
| 19:20 | Create | Villager (Male) |
| 20:11 | Build | Town Center |
| 20:19 | Research | Wheelbarrow |
| 20:24 | Research | Town Watch |
| 20:28 | Create | Villager (Male) |
| 20:29 | Create | Villager (Male) |
| 20:31 | Create | Villager (Male) |
| 20:32 | Create | Villager (Male) |
| 20:57 | Build | Farm |
| 20:58 | Build | Farm |
| 21:00 | Build | Farm |
| 21:03 | Build | Farm |
| 21:09 | Build | House |
| 21:11 | Build | House |
| 21:13 | Build | House |
| 21:15 | Build | House |
| 21:20 | Create | Villager (Male) |
| 21:20 | Create | Villager (Male) |
| 21:21 | Create | Villager (Male) |
| 21:48 | Build | Mining Camp |
| 21:54 | Create | Villager (Male) |
| 21:56 | Create | Villager (Male) |
| 21:56 | Create | Villager (Male) |
| 22:03 | Build | Farm |
| 22:18 | Create | Villager (Male) |
| 22:20 | Create | Villager (Male) |
| 22:36 | Build | House |
| 22:50 | Research | Bow Saw |
| 23:04 | Create | Villager (Male) |
| 23:07 | Create | Villager (Male) |
| 23:14 | Build | House |
| 23:32 | Build | Farm |
| 23:33 | Build | Farm |
| 23:35 | Build | Farm |
| 23:39 | Build | Farm |
| 23:42 | Create | Villager (Male) |
| 23:46 | Create | Villager (Male) |
| 23:48 | Create | Villager (Male) |
| 24:06 | Research | Heavy Plow |
| 24:23 | Build | University |
| 24:57 | Build | Stone Wall |
| 25:02 | Research | Hand Cart |
| 25:09 | Build | Farm |
| 25:12 | Build | Farm |
| 25:23 | Create | Villager (Male) |
| 25:25 | Create | Villager (Male) |
| 25:26 | Create | Villager (Male) |
| 25:31 | Research | Treadmill Crane |
| 25:41 | Build | Mining Camp |
| 25:55 | Build | Monastery |
| 26:07 | Build | Castle |
| 26:19 | Build | House |
| 26:21 | Research | Town Patrol |
| 26:29 | Create | Villager (Male) |
| 26:30 | Create | Villager (Male) |
| 26:31 | Create | Villager (Male) |
| 26:38 | Build | Farm |
| 26:41 | Build | Farm |
| 26:47 | Create | Villager (Male) |
Build order — Chloe
First 150 of 1041 actions detected
| 0:11 | Build | House |
| 0:13 | Build | House |
| 0:15 | Build | House |
| 0:16 | Build | House |
| 0:26 | Create | Villager (Male) ×5 |
| 0:26 | Create | Villager (Male) ×5 |
| 0:26 | Create | Villager (Male) ×5 |
| 1:29 | Build | Palisade Wall |
| 2:02 | Build | Mill |
| 2:31 | Research | Loom |
| 2:44 | Create | Villager (Male) |
| 3:16 | Build | Palisade Wall |
| 3:32 | Create | Villager (Male) |
| 4:05 | Create | Villager (Male) |
| 4:05 | Create | Villager (Male) |
| 4:05 | Create | Villager (Male) |
| 4:27 | Create | Villager (Male) |
| 4:57 | Build | Palisade Wall |
| 5:14 | Create | Villager (Male) |
| 5:14 | Create | Villager (Male) |
| 5:14 | Create | Villager (Male) |
| 6:07 | Create | Villager (Male) |
| 6:07 | Create | Villager (Male) |
| 6:07 | Create | Villager (Male) |
| 6:08 | Create | Villager (Male) |
| 6:39 | Build | House |
| 6:41 | Build | House |
| 7:14 | Create | Villager (Male) |
| 7:14 | Create | Villager (Male) |
| 8:19 | Build | Lumber Camp |
| 9:41 | Research | Feudal Age |
| 10:56 | Build | Mining Camp |
| 11:45 | Age | Feudal Age |
| 12:18 | Build | Blacksmith |
| 12:24 | Build | Barracks |
| 12:30 | Build | House |
| 12:33 | Build | House |
| 12:50 | Create | Villager (Male) |
| 12:57 | Create | Villager (Male) |
| 13:30 | Build | Stone Wall |
| 13:47 | Create | Villager (Male) |
| 13:47 | Create | Villager (Male) |
| 14:12 | Create | Villager (Male) |
| 14:48 | Build | Palisade Wall |
| 15:01 | Create | Villager (Male) |
| 15:09 | Build | Stable |
| 15:52 | Build | Farm |
| 16:17 | Build | Mill |
| 16:25 | Research | Castle Age |
| 16:39 | Build | House |
| 17:22 | Build | Mining Camp |
| 17:41 | Build | Palisade Wall |
| 18:21 | Research | Double-Bit Axe |
| 18:51 | Age | Castle Age |
| 19:03 | Build | Town Center |
| 19:19 | Build | Monastery |
| 19:34 | Create | Villager (Male) |
| 19:34 | Create | Villager (Male) |
| 19:34 | Create | Villager (Male) |
| 19:34 | Create | Villager (Male) |
| 19:49 | Build | Town Center |
| 20:22 | Create | Villager (Male) |
| 20:22 | Create | Villager (Male) |
| 20:32 | Build | Farm |
| 20:35 | Create | Monk |
| 21:24 | Build | Farm |
| 21:35 | Build | Farm |
| 21:36 | Build | Farm |
| 21:39 | Create | Monk |
| 21:45 | Create | Villager (Male) |
| 21:45 | Create | Villager (Male) |
| 22:14 | Build | Town Center |
| 23:04 | Create | Villager (Male) |
| 23:05 | Create | Villager (Male) |
| 23:05 | Create | Villager (Male) |
| 23:42 | Build | Farm |
| 23:45 | Build | Farm |
| 23:49 | Create | Villager (Male) |
| 23:49 | Create | Villager (Male) |
| 24:21 | Create | Villager (Male) |
| 24:21 | Create | Villager (Male) |
| 24:21 | Create | Villager (Male) |
| 24:21 | Create | Villager (Male) |
| 24:34 | Build | Lumber Camp |
| 24:46 | Build | House |
| 24:47 | Build | House |
| 24:49 | Build | House |
| 24:50 | Build | House |
| 25:15 | Create | Villager (Male) |
| 25:16 | Create | Villager (Male) |
| 25:32 | Create | Villager (Male) |
| 25:32 | Create | Villager (Male) |
| 25:32 | Create | Villager (Male) |
| 26:19 | Build | Town Center |
| 26:25 | Create | Villager (Male) |
| 26:26 | Create | Villager (Male) |
| 27:01 | Build | Farm |
| 27:02 | Build | Farm |
| 27:03 | Build | Farm |
| 27:04 | Build | Farm |
| 27:06 | Build | Farm |
| 27:07 | Build | Farm |
| 27:11 | Create | Villager (Male) |
| 27:11 | Create | Villager (Male) |
| 27:15 | Research | Bow Saw |
| 27:21 | Research | Horse Collar |
| 27:28 | Build | Barracks |
| 27:40 | Build | Siege Workshop |
| 29:01 | Create | Villager (Male) |
| 29:01 | Create | Villager (Male) |
| 29:01 | Create | Villager (Male) |
| 29:25 | Build | House |
| 29:28 | Build | House |
| 29:37 | Create | Villager (Male) |
| 29:37 | Create | Villager (Male) |
| 29:38 | Create | Villager (Male) |
| 29:38 | Create | Villager (Male) |
| 29:46 | Create | Villager (Male) |
| 29:52 | Build | Farm |
| 29:54 | Build | Farm |
| 30:06 | Create | Villager (Male) |
| 30:07 | Create | Villager (Male) |
| 30:07 | Create | Villager (Male) |
| 30:16 | Build | Farm |
| 30:18 | Build | Farm |
| 30:19 | Build | Farm |
| 30:21 | Build | Farm |
| 30:22 | Build | Farm |
| 30:24 | Build | Farm |
| 30:25 | Build | Farm |
| 31:19 | Build | Mining Camp |
| 31:29 | Build | Palisade Gate |
| 31:51 | Research | Imperial Age |
| 31:59 | Research | Pikeman (upgrade) |
| 32:02 | Create | Villager (Male) |
| 32:03 | Create | Villager (Male) |
| 32:03 | Create | Villager (Male) |
| 32:16 | Build | Farm |
| 32:18 | Build | Farm |
| 32:20 | Build | Farm |
| 32:21 | Build | Farm |
| 32:23 | Build | Farm |
| 32:27 | Build | Farm |
| 32:28 | Build | Farm |
| 32:33 | Research | Heavy Plow |
| 32:41 | Research | Stone Mining |
| 32:50 | Create | Villager (Male) |
| 32:50 | Create | Villager (Male) |
| 33:08 | Research | Squires |
| 33:15 | Research | Forging |
Build order — Enlove
32 actions detected in the replay
| 0:06 | Build | House |
| 0:07 | Build | House |
| 0:09 | Build | House |
| 0:11 | Create | Villager (Male) |
| 0:11 | Create | Villager (Male) |
| 0:11 | Create | Villager (Male) |
| 0:12 | Create | Villager (Male) |
| 0:12 | Create | Villager (Male) |
| 0:12 | Create | Villager (Male) |
| 1:46 | Create | Villager (Male) |
| 1:46 | Create | Villager (Male) |
| 1:47 | Create | Villager (Male) |
| 2:43 | Create | Villager (Male) |
| 2:43 | Create | Villager (Male) |
| 2:44 | Create | Villager (Male) |
| 2:49 | Research | Loom |
| 3:11 | Create | Villager (Male) |
| 3:11 | Create | Villager (Male) |
| 3:12 | Create | Villager (Male) |
| 4:04 | Create | Villager (Male) |
| 4:04 | Create | Villager (Male) |
| 4:05 | Create | Villager (Male) |
| 4:29 | Create | Villager (Male) |
| 4:30 | Create | Villager (Male) |
| 4:30 | Create | Villager (Male) |
| 4:30 | Create | Villager (Male) |
| 4:31 | Create | Villager (Male) |
| 4:31 | Create | Villager (Male) |
| 4:31 | Create | Villager (Male) |
| 4:32 | Create | Villager (Male) |
| 4:32 | Create | Villager (Male) |
| 4:45 | Build | Mill |
Match timeline
| 1:25 | MaTaDoR · wall_segment Palisade Wall x17 |
| 1:29 | Chloe · wall_segment Palisade Wall x16 |
| 1:51 | WENWEN · wall_segment Palisade Wall x5 |
| 1:52 | WENWEN · wall_segment Palisade Wall x6 |
| 2:12 | MaTaDoR · wall_segment Palisade Wall x1 |
| 2:35 | MaTaDoR · wall_segment Palisade Wall x1 |
| 2:49 | Kalashnikov · wall_segment Palisade Wall x12 |
| 3:16 | Chloe · wall_segment Palisade Wall x6 |
| 3:35 | MaTaDoR · wall_segment Palisade Wall x13 |
| 4:06 | MaTaDoR · wall_segment Palisade Wall x7 |
| 4:09 | WENWEN · wall_segment Palisade Wall x13 |
| 4:35 | Anny · wall_segment Palisade Wall x16 |
| 4:51 | MaTaDoR · wall_segment Palisade Wall x1 |
| 4:57 | Chloe · wall_segment Palisade Wall x8 |
| 5:27 | WENWEN · wall_segment Palisade Wall x4 |
| 5:27 | Arniehgk · wall_segment Palisade Wall x12 |
| 6:32 | Enlove · resign |
| 7:29 | Arniehgk · wall_segment Palisade Wall x1 |
| 7:31 | Arniehgk · wall_segment Palisade Wall x1 |
| 7:32 | Arniehgk · wall_segment Palisade Wall x1 |
| 7:34 | Arniehgk · wall_segment Palisade Wall x1 |
| 7:35 | Arniehgk · wall_segment Palisade Wall x1 |
| 7:41 | MaTaDoR · wall_segment Palisade Wall x7 |
| 8:17 | Arniehgk · wall_segment Palisade Wall x1 |
| 8:21 | MaTaDoR · wall_segment Palisade Wall x14 |
| 9:28 | MaTaDoR · wall_segment Palisade Wall x13 |
| 9:28 | Arniehgk · wall_segment Palisade Wall x9 |
| 10:17 | Arniehgk · wall_segment Palisade Wall x12 |
| 10:33 | Kalashnikov · wall_segment Palisade Wall x11 |
| 10:52 | Arniehgk · wall_segment Palisade Wall x4 |
| 10:56 | Arniehgk · wall_segment Palisade Wall x9 |
| 11:14 | Arniehgk · wall_segment Palisade Wall x3 |
| 11:14 | romain.romain · age_up feudal |
| 11:34 | Arniehgk · wall_segment Palisade Wall x2 |
| 11:45 | Chloe · age_up feudal |
| 12:23 | Arniehgk · age_up feudal |
| 12:24 | Chloe · first_building Barracks |
| 12:30 | Arniehgk · wall_segment Palisade Wall x1 |
| 13:09 | Arniehgk · wall_segment Palisade Wall x1 |
| 13:14 | Anny · age_up feudal |
| 13:21 | Kalashnikov · age_up feudal |
| 13:30 | Chloe · wall_segment Stone Wall x3 |
| 14:27 | MaTaDoR · first_building Barracks |
| 14:48 | Chloe · wall_segment Palisade Wall x9 |
| 15:06 | WENWEN · age_up feudal |
| 15:09 | Chloe · first_building Stable |
| 15:37 | MaTaDoR · age_up feudal |
| 15:43 | MaTaDoR · wall_segment Stone Wall x14 |
| 15:54 | romain.romain · wall_segment Palisade Wall x2 |
| 15:54 | MaTaDoR · wall_segment Stone Wall x15 |
| 15:59 | WENWEN · wall_segment Stone Wall x11 |
| 16:03 | WENWEN · wall_segment Stone Wall x8 |
| 16:04 | WENWEN · wall_segment Stone Wall x10 |
| 16:10 | MaTaDoR · wall_segment Stone Wall x11 |
| 16:10 | Kalashnikov · wall_segment Stone Wall x11 |
| 16:47 | romain.romain · age_up castle |
| 17:33 | Arniehgk · age_up castle |
| 17:41 | Chloe · wall_segment Palisade Wall x3 |
| 17:47 | MaTaDoR · wall_segment Stone Wall x19 |
| 17:54 | Kalashnikov · age_up castle |
| 17:57 | Anny · age_up castle |
| 18:51 | Chloe · age_up castle |
| 18:54 | Kalashnikov · wall_segment Stone Wall x9 |
| 19:04 | WENWEN · age_up castle |
| 19:12 | Kalashnikov · first_market_buy 100 wood |
| 19:19 | Chloe · first_building Monastery |
| 19:27 | WENWEN · first_building Castle |
| 19:48 | MaTaDoR · first_building Stable |
| 20:39 | WENWEN · first_building Monastery |
| 21:01 | Anny · first_building Castle |
| 21:41 | WENWEN · first_building Siege Workshop |
| 22:43 | Arniehgk · wall_segment Stone Wall x13 |
| 23:33 | Arniehgk · first_building Barracks |
| 23:36 | Arniehgk · first_building Siege Workshop |
| 23:44 | romain.romain · first_building Monastery |
| 23:49 | Anny · first_market_buy 100 stone |
| 23:50 | romain.romain · wall_segment Stone Wall x1 |
| 24:28 | Arniehgk · first_building Monastery |
| 24:57 | Kalashnikov · wall_segment Stone Wall x11 |
| 25:31 | Arniehgk · first_market_sell 500 wood |
| 25:32 | Arniehgk · first_market_buy 500 stone |
| 25:41 | Arniehgk · first_building Castle |
| 25:55 | Kalashnikov · first_building Monastery |
| 25:57 | Arniehgk · wall_segment Stone Wall x12 |
| 26:07 | Kalashnikov · first_building Castle |
| 26:12 | Arniehgk · wall_segment Stone Wall x13 |
| 27:29 | romain.romain · first_market_sell 100 wood |
| 27:40 | Chloe · first_building Siege Workshop |
| 28:42 | romain.romain · first_building Castle |
| 28:48 | MaTaDoR · age_up castle |
| 28:52 | MaTaDoR · first_building Castle |
| 30:17 | romain.romain · first_building Barracks |
| 30:20 | Arniehgk · age_up imperial |
| 30:31 | WENWEN · first_building Barracks |
| 30:51 | MaTaDoR · first_building Monastery |
| 31:13 | romain.romain · age_up imperial |
| 32:04 | WENWEN · wall_segment Stone Wall x6 |
| 32:06 | WENWEN · wall_segment Stone Wall x11 |
| 34:06 | WENWEN · first_building Archery Range |
| 34:32 | Chloe · first_building Archery Range |
| 34:37 | Chloe · age_up imperial |
| 34:38 | Kalashnikov · first_building Barracks |
| 34:50 | Kalashnikov · first_building Siege Workshop |
| 36:01 | Kalashnikov · age_up imperial |
| 36:42 | Chloe · first_building Castle |
| 36:48 | WENWEN · age_up imperial |
| 37:22 | WENWEN · wall_segment Stone Wall x6 |
| 37:22 | WENWEN · wall_segment Stone Wall x7 |
| 38:14 | WENWEN · first_building Stable |
| 38:27 | WENWEN · first_market_sell 500 food |
| 40:42 | Kalashnikov · first_building Archery Range |
| 41:40 | Arniehgk · first_building Archery Range |
| 42:51 | Anny · first_building Monastery |
| 43:27 | WENWEN · first_market_buy 500 stone |
| 44:17 | Kalashnikov · first_building Stable |
| 45:24 | Anny · first_market_sell 100 food |
| 46:13 | WENWEN · wall_segment Stone Wall x14 |
| 47:06 | Anny · wall_segment Stone Wall x7 |
| 48:42 | WENWEN · wall_segment Stone Wall x15 |
| 54:04 | WENWEN · wall_segment Stone Wall x10 |
| 54:05 | WENWEN · wall_segment Stone Wall x10 |
| 54:12 | Arniehgk · wall_segment Stone Wall x13 |
| 60:48 | WENWEN · wall_segment Stone Wall x11 |
| 60:57 | Kalashnikov · first_market_sell 500 wood |
| 63:05 | WENWEN · wall_segment Stone Wall x9 |
| 64:11 | WENWEN · wall_segment Stone Wall x9 |
| 64:23 | WENWEN · wall_segment Stone Wall x13 |
| 65:28 | WENWEN · wall_segment Stone Wall x13 |
| 65:39 | WENWEN · wall_segment Stone Wall x11 |
| 66:47 | WENWEN · wall_segment Stone Wall x7 |
| 67:13 | WENWEN · wall_segment Stone Wall x2 |
| 67:15 | WENWEN · wall_segment Stone Wall x12 |
| 73:03 | WENWEN · wall_segment Stone Wall x6 |
| 78:20 | WENWEN · wall_segment Stone Wall x6 |
| 79:34 | WENWEN · wall_segment Stone Wall x5 |
| 80:19 | WENWEN · wall_segment Stone Wall x6 |
| 84:19 | Arniehgk · wall_segment Stone Wall x5 |
| 94:53 | WENWEN · wall_segment Stone Wall x13 |
| 98:32 | Arniehgk · first_building Stable |
| 103:00 | Chloe · first_market_buy 100 stone |
| 104:34 | Chloe · wall_segment Stone Wall x19 |
| 113:44 | Arniehgk · wall_segment Stone Wall x11 |
| 114:23 | Arniehgk · wall_segment Stone Wall x5 |
| 121:32 | Arniehgk · wall_segment Stone Wall x1 |
| 127:24 | Arniehgk · wall_segment Stone Wall x1 |
[ AI ANALYSIS · 1 CREDIT ]
What really happened in this match?
Wolo.gg analyzes every decision: build order, eco, micro, common mistakes by bracket. Personalized analysis on WhatsApp or Discord in 30 seconds.
Civ guide
Italians
Perfil
Jugador #295263